 Dungeon Crawl Stone Soup version 0.23.0-3-gf3c87f2 (webtiles) character file.

Game seed: 2567337691387988154

2023 Borgoz the Chopper (level 9, -1/79 HPs)
             Began as a Hill Orc Fighter on Feb 24, 2019.
             Was an Initiate of Ashenzari.
             Slain by an ogre
             ... wielding a +0 giant spiked club
              (6 damage)
             ... on level 6 of the Dungeon.
             The game lasted 00:10:38 (6082 turns).

Borgoz the Chopper (Hill Orc Fighter)               Turns: 6082, Time: 00:10:39

Health: -1/79      AC: 11    Str: 17 (19) XL:     9   Next: 23%
Magic:  9/9        EV:  9    Int:  8 (10) God:    Ashenzari [......]
Gold:   343        SH: 11    Dex:  8 (11) Spells: 8/8 levels left

rFire    . . .     SeeInvis .   a - +0 war axe
rCold    . . .     Gourm    .   c - +1 shield
rNeg     . . .     Faith    .   b - +0 scale mail
rPois    .         Spirit   .   k - +1 helmet
rElec    .         Reflect  .   (no cloak)
rCorr    .         Harm     .   x - +0 pair of gloves (curse)
MR       .....                  (no boots)
Stlth    ..........             p - amulet of the acrobat
HPRegen  0.23/turn              i - ring of attention (curse)
MPRegen  0.11/turn              (no ring)

@: no status effects
A: no striking features
a: Curse Item, Renounce Religion


You were on level 6 of the Dungeon.
You worshipped Ashenzari.
Ashenzari was noncommittal.
You were hungry.

You visited 2 branches of the dungeon, and saw 7 of its levels.
You also visited: Sewer.

You collected 343 gold pieces.

Inventory:

Hand Weapons
 a - a +0 war axe (weapon)
Missiles
 s - 5 tomahawks (quivered)
 v - a throwing net
Armour
 b - a +0 scale mail (worn)
 c - a +1 shield (worn)
 k - a +1 helmet (worn)
 x - a cursed +0 pair of gloves (worn)
Jewellery
 i - a cursed ring of attention (left hand)
 p - an amulet of the acrobat (around neck)
Wands
 r - a wand of paralysis (3)
 z - a wand of polymorph (9)
Scrolls
 e - 2 scrolls of magic mapping
 j - 5 scrolls of teleportation
 o - 3 scrolls of remove curse
 t - a scroll of blinking {unknown}
 u - a scroll of fear {unknown}
 y - a scroll of identify
Potions
 d - a potion of cancellation
 g - a potion of berserk rage {unknown}
 h - 3 potions of agility
 l - a potion of heal wounds {unknown}
 m - 2 potions of lignification {unknown}
 n - 6 potions of flight
 q - a potion of degeneration
 A - a potion of mutation {unknown}
Comestibles
 f - 13 rations
 B - a chunk of flesh


   Skills:
 + Level 7.2 Fighting
 + Level 7.3 Axes
 + Level 6.7 Armour
 + Level 4.1 Dodging
 - Level 0.2 Stealth
 + Level 6.6 Shields


You had 8 spell levels left.
You didn't know any spells.
Your spell library contained the following spells:

 Spells                   Type           Power        Failure   Level  Hunger
 Animate Skeleton         Necr           N/A          98%         1    ##.....
 Apportation              Tloc           #.....       98%         1    ##.....
 Confusing Touch          Hex            #.....       98%         1    ##.....
 Summon Small Mammal      Summ           #...         98%         1    ##.....


Dungeon Overview and Level Annotations

Branches:
Dungeon (6/15)             Temple (1/1) D:5

Altars:
Ashenzari
Cheibriados
Dithmenos
Elyvilon
Fedhas
Gozag
Hepliaklqana
Kikubaaqudgha
Makhleb
Nemelex Xobeh
Okawaru
Ru
Sif Muna
Trog
Uskayaw
Vehumet
Wu Jian
Xom
Yredelemnul
Zin
The Shining One

Annotations:
D:4 2 transporters, Uhlv's ghost, amateur VSWn


Message History

There was something very wrong with that liquid.
You feel weakened.
You feel dopey.
You feel clumsy.
You feel yourself speed up. The orc barely misses you.
You block the ogre's attack.
You slash the ogre!
The ogre is severely wounded.
You are feeling hungry.
The orc closely misses you.
The ogre hits you with a +0 giant spiked club!
* * * LOW HITPOINT WARNING * * *
Your scale mail prevents you from hitting the ogre.
The ogre is severely wounded.
The orc barely misses you. You block the ogre's attack.
You hit the ogre.
The ogre is severely wounded.
The orc hits you but does no damage.
You hit the ogre but do no damage.
The ogre is severely wounded.
The ogre hits you with a +0 giant spiked club.
You die...

#########
######..[....#
............# #####
#.##....#...## #....
##.#.#....###...###.###
...O.o...........##.##.
#.#.#).#.).).#..##.##.
# #@##.._..##....##.
#)O#.).).#..##..#.
..................
......###..........
#.......#...........
....................
#...)......)......###
##...........#.##.###
.........#.##....


You could see an ogre and an orc.

Vanquished Creatures
  Eustachio (D:5)
  Menkaure (D:4)
  2 phantoms (D:4)
  An ice beast (D:6)
  3 ogres
  A centaur (D:5)
  Blork the orc (D:5)
  A scorpion (D:5)
  2 howler monkeys
  2 crimson imps
  2 hounds
  An orc priest (D:3)
  A bullfrog skeleton (D:5)
  Ijyb (D:3)
  Natasha (thrice) (D:4)
  A merfolk siren (Sewer)
  7 orc wizards
  3 worker ants (D:5)
  Terence (D:2)
  A merfolk avatar (Sewer)
  8 adders
  7 gnolls
  2 river rats (Sewer)
  5 oozes
  2 adder skeletons
  An adder zombie (D:5)
  6 worms
  A dart slug (D:1)
  9 leopard geckos
  25 orcs
  8 ball pythons
  7 bats
  2 giant cockroaches
  8 goblins
  10 hobgoblins
  6 jackals
  5 quokkas
  10 frilled lizards
  5 kobolds
  A leopard gecko skeleton (D:5)
  A quokka skeleton (D:3)
  33 rats
198 creatures vanquished.

Notes
Turn   | Place    | Note
-------+----------+-------------------------------------------
     0 | D:1      | Borgoz the Hill Orc Fighter began the quest for the Orb.
     0 | D:1      | Reached XP level 1. HP: 19/19 MP: 1/1
   129 | D:1      | Reached XP level 2. HP: 25/27 MP: 2/2
   431 | D:1      | Reached XP level 3. HP: 28/33 MP: 3/3
   934 | D:2      | Noticed Terence
   950 | D:2      | Killed Terence
   950 | D:2      | Reached skill level 1 in Dodging
   950 | D:2      | Reached XP level 4. HP: 27/40 MP: 4/4
  1574 | D:3      | Reached XP level 5. HP: 39/47 MP: 5/5
  1817 | D:3      | Noticed Ijyb
  2285 | D:3      | Paralysed by Ijyb for 5 turns
  2295 | D:3      | Reached XP level 6. HP: 40/53 MP: 6/6
  2299 | D:3      | Killed Ijyb
  2652 | D:3      | Reached skill level 5 in Fighting
  2844 | D:4      | Noticed Menkaure
  2849 | D:4      | Noticed a phantom
  2853 | D:4      | Killed Menkaure
  2853 | D:4      | Reached XP level 7. HP: 15/61 MP: 7/7
  2853 | D:4      | Reached skill level 5 in Axes
  3129 | D:4      | Reached skill level 5 in Armour
  3129 | D:4      | Reached skill level 5 in Shields
  3375 | D:4      | Found a transporter.
  3381 | D:4      | Noticed Natasha
  3381 | D:4      | Noticed Uhlv's ghost (amateur VSWn)
  3390 | D:4      | Killed Natasha
  3423 | D:4      | Reached XP level 8. HP: 14/70 MP: 8/8
  3467 | D:4      | Noticed Natasha
  3478 | D:4      | Killed Natasha
  3524 | D:4      | Noticed Natasha
  3532 | D:4      | Killed Natasha
  3552 | D:4      | Found a transporter.
  3982 | D:5      | Entered Level 5 of the Dungeon
  4014 | D:5      | Noticed Eustachio
  4039 | D:5      | Killed Eustachio
  4217 | D:5      | Found a glowing drain.
  4221 | Sewer    | Entered a sewer
  4717 | D:5      | Noticed Blork the orc
  4726 | D:5      | Killed Blork the orc
  4889 | D:5      | Found a staircase to the Ecumenical Temple.
  4905 | D:5      | Found a shimmering altar of Xom.
  4912 | Temple   | Entered the Ecumenical Temple
  5012 | Temple   | Became a worshipper of Ashenzari the Shackled
  5576 | D:5      | Reached XP level 9. HP: 72/79 MP: 9/9
  6022 | D:6      | Found an iron altar of Okawaru.
  6082 | D:6      | Slain by an ogre

Skill      XL: |  1  2  3  4  5  6  7  8  9 |
---------------+----------------------------+-----
Axes           | 3 4 5 7 |  7.3
Fighting       | 4 5 7 |  7.2
Dodging        | 1 2 3 4 |  4.1
Shields        | 4 5 6 |  6.6
Armour         | 4 5 6 |  6.7
Stealth        | |  0.2

Action                   |  1- 3 |  4- 6 |  7- 9 || total
-------------------------+-------+-------+-------++-------
Melee: War axe           |   106 |   264 |   348 ||   718
  Use: Scroll            |     3 |       |     5 ||     8
       Potion            |       |     2 |     4 ||     6
  Eat: Chunk             |       |     7 |    11 ||    18
Armor: Scale mail        |    44 |   131 |   167 ||   342
Dodge: Dodged            |    37 |    88 |   169 ||   294
Block: Shield            |    74 |   136 |   262 ||   472
